 Dungeon Crawl Stone Soup version 0.31-a0-542-gdc2a67831c (webtiles) character file.

Game seed: 16733919185449437737

91 zero the Slasher (level 4, -6/37 HPs)
             Began as a Minotaur Gladiator on Aug 14, 2023.
             Mangled by a gnoll
             ... wielding a +0 flail
              (11 damage)
             ... on level 3 of the Dungeon.
             The game lasted 00:01:14 (1750 turns).

zero the Slasher (Minotaur Gladiator)               Turns: 1750, Time: 00:01:14

Health: -6/37      AC:  3    Str: 19    XL:     4   Next: 34%
Magic:  3/3        EV: 12    Int:  5    God:
Gold:   103        SH:  0    Dex: 13    Spells: 3/3 levels left

rFire   . . .        a - +0 long sword
rCold   . . .        (no shield)
rNeg    . . .        b - +0 leather armour
rPois   .            c - +0 hat
rElec   .            (no cloak)
rCorr   .            (no gloves)
SInv    .            (no boots)
Will    .....        (no amulet)
Stlth   +            (no ring)
HPRegen 0.26/turn    (no ring)
MPRegen 0.08/turn

%: no passive effects
@: no status effects
A: horns 2, retaliatory headbutt
a: no special abilities


You were on level 3 of the Dungeon.
You visited 1 branch of the dungeon, and saw 3 of its levels.

You collected 103 gold pieces.

Inventory:

Hand Weapons
 a - a +0 long sword (weapon)
Missiles
 d - 3 throwing nets (quivered)
 e - a javelin
Armour
 b - a +0 leather armour (worn)
 c - a +0 hat (worn)
Jewellery
 h - a ring of ice
Scrolls
 g - 6 scrolls of identify {unknown}
 i - a scroll of immolation {unknown}
 j - a scroll of vulnerability {unknown}
 k - a scroll of amnesia {unknown}
 m - a scroll of revelation {unknown}
Potions
 f - a potion of curing {unknown}
 l - a potion of haste {unknown}


   Skills:
 - Level 2.4 Fighting
 + Level 6.3 Long Blades
 - Level 2.0 Throwing
 - Level 3.2 Dodging


You had 3 spell levels left.
You didn't know any spells.
Your spell library contained the following spells:

 Spells                   Type           Power      Damage    Failure   Level
 Sublimation of Blood     Necr           0%         N/A       67%         2
 Wereblood                Tmut           0%         N/A       67%         2
 Summon Hydra             Summ           0%         N/A       100%        7


Dungeon Overview and Level Annotations

Branches:
Dungeon (3/15)

Altars:

Shops:
D:1 :


Innate Abilities, Weirdness & Mutations

You have a pair of horns on your head.
You reflexively headbutt those who attack you in melee.


Message History

The gnoll shouts!
You hear a shout!
A gnoll comes into view. It is wielding a +0 flail.
You completely miss the gnoll. The gnoll hits you with a +0 flail!
You slash the gnoll!
The gnoll is severely wounded.
The gnoll closely misses you.
You slash the gnoll!
You kill the gnoll!
You hit the gnoll but do no damage. The gnoll barely misses you.
You barely miss the gnoll.
The gnoll hits you from afar with a +0 spear!
The gnoll hits you with a +0 flail.
You are too injured to fight recklessly!
You are too injured to fight recklessly!
You are too injured to fight recklessly!
You are too injured to fight recklessly!
You are too injured to fight recklessly!
You are too injured to fight recklessly!
You are too injured to fight recklessly!
You are too injured to fight recklessly!
You are too injured to fight recklessly!
You are too injured to fight recklessly!
You are too injured to fight recklessly!
You are too injured to fight recklessly!
You are too injured to fight recklessly!
You are too injured to fight recklessly!
You are too injured to fight recklessly!
The gnoll attacks as you move away! The gnoll hits you with a +0 flail.
The gnoll attacks as you move away! The gnoll hits you with a +0 flail.
* * * LOW HITPOINT WARNING * * *
You closely miss the gnoll. You headbutt the gnoll.
The gnoll is lightly wounded.
The gnoll barely misses you.
The gnoll hits you from afar with a +0 spear.
* * * LOW HITPOINT WARNING * * *
You closely miss the gnoll. You headbutt the gnoll!
The gnoll is almost dead.
An endoplasm comes into view.
The gnoll barely misses you. The gnoll hits you with a +0 flail!
You die...

#.# #J# #.#
... #.# #)#
#g# #g#
#@#####
#.#....#
##.###.# #
##
##.####^...
#.........#
#..########
#..# #..#
#..#


You could see 2 gnolls and an endoplasm (wandering).

Vanquished Creatures
  An adder (D:2)
  2 gnolls
  A worm (D:3)
  3 dart slugs
  4 bats
  5 endoplasms
  2 giant cockroaches
  6 hobgoblins
  3 jackals (D:3)
  2 quokkas
  3 ball pythons
  2 frilled lizards
  7 goblins
  2 kobolds (D:1)
  6 rats
49 creatures vanquished.

Notes
Turn   | Place    | Note
-------+----------+-------------------------------------------
     0 | D:1      | zero the Minotaur Gladiator began the quest for the Orb.
     0 | D:1      | Reached XP level 1. HP: 18/18 MP: 0/0
    80 | D:1      | Reached skill level 4 in Long Blades
   116 | D:1      | Reached XP level 2. HP: 21/25 MP: 1/1
   156 | D:1      | Found Ywebb's Book Shoppe.
   417 | D:1      | Reached skill level 5 in Long Blades
   417 | D:1      | Reached XP level 3. HP: 3/30 MP: 2/2
  1167 | D:2      | Reached skill level 6 in Long Blades
  1167 | D:2      | Reached XP level 4. HP: 31/37 MP: 3/3
  1750 | D:3      | Mangled by a gnoll

Illustrated notes

Levels and vault maps discovered:
D:1:      psy_arrival_whirlpool, layout_basic, serial_shops,
          nicolae_shop_real_fake_doors, st_stairs_12, minmay_pentomino_s2
D:2:      layout_basic
D:3:      layout_loops_ring, minitemple

Skill      XL: |  1  2  3 |
---------------+----------+-----
Long Blades    | 4 5 6 |  6.3
Fighting       | |  2.4
Throwing       | |  2.0
Dodging        | |  3.2

Action                     |  1- 3 |  4- 6 || total
---------------------------+-------+-------++-------
  Melee: Long sword        |    92 |    21 ||   113
         Headbutt          |     9 |     4 ||    13
         Punch             |     3 |       ||     3
    Use: Potion            |     1 |       ||     1
 Armour: Leather armour    |    23 |     6 ||    29
  Dodge: Dodged            |    60 |    12 ||    72

Table legend: (Time is in decaauts)
 A = Elapsed time spent in this place.
 B = Non-inter-level travel time spent in this place.
 C = Inter-level travel time spent in this place.
 D = Time resting spent in this place.
 E = Time spent auto-exploring this place.
 F = Levels seen in this place.
 G = Mean time per level.
                   A        B        C        D        E       F      G
               +--------+--------+--------+--------+--------+-----+--------+
         Total |   1766 |   1724 |     42 |    105 |   1332 |   3 |  588.7 |
       Dungeon |   1766 |   1724 |     42 |    105 |   1332 |   3 |  588.7 |
               +--------+--------+--------+--------+--------+-----+--------+

Top non-repeatable levels by time:
     D:1: 831 daAuts
     D:2: 796 daAuts
     D:3: 138 daAuts
